 Dungeon Crawl Stone Soup version 0.31-a0-819-gf6de2f5ab6 (webtiles) character file.

Game seed: 6659295412989129684

1171 CraigForest the Chopper (level 8, -5/62 HPs)
             Began as a Formicid Fighter on Sept 24, 2023.
             Was a Follower of Qazlal.
             Killed by divine providence
             ... invoked by an orc priest
              (8 damage)
             ... on level 5 of the Dungeon.
             The game lasted 00:18:45 (4230 turns).

CraigForest the Chopper (Formicid Fighter)          Turns: 4230, Time: 00:18:45

Health: -5/62      AC: 17    Str: 21 (24) XL:     8   Next: 68%
Magic:  8/8        EV:  6    Int:  6 (7)  God:    Qazlal [*.....]
Gold:   236        SH:  6    Dex: 11 (13) Spells: 7/7 levels left

rFire   . . .        a - +1 war axe
rCold   . . .        c - +0 buckler
rNeg    . . .        o - +0 plate armour
rPois   +            (helmet unavailable)
rElec   .            v - +0 cloak
rCorr   .            p - +1 pair of gloves of Usiyvoytt {Harm rPois}
SInv    +            x - +0 pair of boots
Will    .....        (no amulet) Stlth
                     (no ring)
HPRegen 0.30/turn    (no ring)
MPRegen 0.11/turn

%: harm (+30% outgoing, +20% incoming)
@: lethally poisoned (-5 -> -33)
A: permanent stasis, dig shafts and tunnels, antennae 3, four strong arms
a: Dig, Shaft Self, Renounce Religion


You were on level 5 of the Dungeon.
You worshipped Qazlal.
Qazlal was aware of your devotion.
You visited 2 branches of the dungeon, and saw 6 of its levels.

You collected 236 gold pieces.

Inventory:

Hand Weapons
 a - a +1 war axe (weapon)
Missiles
 f - 7 poisoned darts (quivered)
 w - 2 throwing nets
 z - 3 boomerangs
Armour
 b - a +0 scale mail
 c - a +0 buckler (worn)
 o - a +0 plate armour (worn)
 p - the +1 pair of gloves of Usiyvoytt (worn) {Harm rPois}
   (You found it on level 3 of the Dungeon)

   rPois:     It protects you from poison Harm: It increases damage dealt and
   taken.
 v - a +0 cloak (worn)
 x - a +0 pair of boots (worn)
Magical Staves
 h - a staff of cold
 j - a staff of earth
Scrolls
 e - 2 scrolls of summoning
 q - a scroll of fog
 s - 2 scrolls of poison
 t - 2 scrolls of enchant weapon
 y - 2 scrolls of fear
Potions
 d - 4 potions of might
 g - a potion of magic
 i - a potion of brilliance
 m - a potion of lignification
 n - a potion of cancellation
 u - a potion of attraction {unknown}
 A - a potion of ambrosia {unknown}


   Skills:
 + Level 5.1 Fighting
 + Level 7.6 Axes
 + Level 0.1 Throwing
 + Level 5.3 Armour
 + Level 1.0 Dodging
 + Level 1.0 Stealth
 + Level 5.5 Shields


You had 7 spell levels left.
You didn't know any spells.
Your spell library contained the following spells:

 Spells                   Type           Power      Damage    Failure   Level
 Apportation              Tloc           0%         N/A       100%        1
 Summon Small Mammal      Summ           0%         N/A       100%        1
 Jinxbite                 Hex            0%         N/A       100%        2
 Gell's Gravitas          Tloc           0%         N/A       100%        3
 Teleport Other           Tloc           0%         N/A       100%        3
 Alistair's Intoxication  Tmut/Pois      0%         N/A       100%        5
 Dispersal                Tloc           0%         N/A       100%        6


Dungeon Overview and Level Annotations

Branches:
Dungeon (5/15)             Temple (1/1) D:4

Altars:
Dithmenos
Elyvilon
Gozag
Kikubaaqudgha
Makhleb
Nemelex Xobeh
Qazlal
Sif Muna
Trog
Vehumet
Wu Jian
Xom
Yredelemnul
Zin
The Shining One

Shops:
D:4 [?(!   D:5 ?

Annotations:
D:5 Dowan, Duvessa


Innate Abilities, Weirdness & Mutations

You cannot be hasted, slowed, berserked, paralysed or teleported.
You can dig through walls and to a lower floor.
You have a pair of large antennae on your head. (SInv)
Your four strong arms can wield two-handed weapons with a shield.


Message History

You block the orc's attack. The orc priest barely misses you.
Found a stone staircase leading up.
* * * LOW HITPOINT WARNING * * *
You feel very sick.
Your scorpion stings Dowan.
The orc wizard casts a spell.
The orc wizard flickers and vanishes for a moment.
You block the gnoll's attack.
The orc priest calls down the wrath of Beogh upon you.
Pain shoots through your body!
* * * LOW HITPOINT WARNING * * *
* * * LOW HITPOINT WARNING * * *
You feel very sick. Duvessa attacks as she pursues you!
Duvessa barely misses you.
The orc wizard suddenly curses, in orcish tradition.
The gnoll hits you but does no damage.
Your scorpion closely misses Dowan.
Duvessa closely misses you.
* * * LOW HITPOINT WARNING * * *
You feel very sick.
A gnoll comes into view. It is wielding a +0 club.
The orc hits something but does no damage.
An orc comes into view. It is wielding a +0 dagger.
A gnoll sergeant comes into view. It is wielding a +0 spear.
The sentinel's mark upon you fades away.
* * * LOW HITPOINT WARNING * * *
You feel sick. Duvessa attacks as she pursues you!
Duvessa hits you but does no damage. The orc barely misses your scorpion.
You block the gnoll's attack. You block Duvessa's attack.
The orc hits your scorpion with a +0 club.
A gnoll comes into view. It is wielding a +0 spear.
The gnoll sergeant moves out of view.
It was a potion of degeneration.
There was something very wrong with that liquid.
You feel weakened.
You feel dopey.
You feel clumsy.
* * * LOW HITPOINT WARNING * * *
You feel sick.
Duvessa looks more healthy.
Duvessa hits you but does no damage.
You are more poisoned.
The orc priest mumbles some strange prayers to Beogh against you.
Beogh smites you!
You die...

##...)...##.'')......#
#.......##.'āˆ©)......#
###........)')s##.##
#.........o.e# ,
#..###...##o{## ...
...ggggo.#
.>.g{##oo#### .
.....#...eā˜¼.#....
.o...#...@.......
go..g..........
...............
....#...........
........<......#
.............###
............P
~~~~~~~~~ā‰ˆ~~ā‰ˆ~


You could see Duvessa (fast), an orc priest, an orc wizard (invisible), 5 gnolls
and 4 orcs.

Vanquished Creatures
  A water moccasin (D:5)
  An ice beast (D:5)
  A black bear (D:4)
  A phantom (D:5)
  Blork the orc (D:5)
  A howler monkey (D:4)
  An orc priest (D:5)
  2 iguanas
  11 orc wizards
  7 gnolls
  6 adders
  2 white imps
  2 worms (D:3)
  3 dart slugs
  10 orcs
  4 endoplasms
  4 goblins
  5 hobgoblins
  5 jackals
  5 kobolds
  2 quokkas
  7 ball pythons
  6 bats
  3 frilled lizards
  4 rats
95 creatures vanquished.

Vanquished Creatures (collateral kills)
  An orc priest (D:5)
  2 hounds (D:5)
  An orc wizard (D:5)
  A gnoll (D:5)
  An adder (D:5)
  An orc (D:5)
  2 jackals (D:5)
  A quokka (D:1)
10 creatures vanquished.

Grand Total: 105 creatures vanquished

Notes
Turn   | Place    | Note
-------+----------+-------------------------------------------
     0 | D:1      | CraigForest the Formicid Fighter began the quest for the
                  | Orb.
     0 | D:1      | Reached XP level 1. HP: 18/18 MP: 1/1
   131 | D:1      | Reached XP level 2. HP: 24/24 MP: 2/2
   256 | D:1      | Found a faded altar of an unknown god.
   829 | D:2      | Reached XP level 3. HP: 29/29 MP: 3/3
  1494 | D:2      | Identified the +4 dagger of Uran {drain, Will+ rCorr}
  1758 | D:3      | Identified the +1 pair of gloves of Usiyvoytt {Harm rPois}
  1862 | D:3      | Reached skill level 3 in Axes
  2013 | D:3      | Reached XP level 4. HP: 34/35 MP: 4/4
  2239 | D:3      | Found a radiant altar of Vehumet.
  2246 | D:3      | Reached XP level 5. HP: 42/42 MP: 5/5
  2249 | D:3      | Found an ancient bone altar of Kikubaaqudgha.
  2261 | D:3      | Found a shimmering blue altar of Sif Muna.
  2266 | D:3      | Reached skill level 4 in Axes
  2269 | D:3      | Reached skill level 1 in Stealth
  2271 | D:3      | Reached XP level 6. HP: 20/48 MP: 6/6
  2274 | D:3      | Got a vellum book
  2744 | D:3      | Found a glowing silver altar of Zin.
  2940 | D:4      | Noticed a black bear
  2949 | D:4      | Killed a black bear
  2950 | D:4      | Reached skill level 5 in Axes
  2950 | D:4      | Reached skill level 1 in Dodging
  2998 | D:4      | Found Jiram's Weapon Shop.
  3010 | D:4      | Found Qiyc's Distillery.
  3035 | D:4      | Reached XP level 7. HP: 44/54 MP: 7/7
  3128 | D:4      | Found a shadowy altar of Dithmenos.
  3197 | D:4      | Found Timoer's Antique Armour Shop.
  3227 | D:4      | Reached skill level 6 in Axes
  3362 | D:4      | Found Cesiqo's Magic Scroll Shop.
  3545 | D:4      | Found a staircase to the Ecumenical Temple.
  3554 | Temple   | Entered the Ecumenical Temple
  3596 | Temple   | Became a worshipper of Qazlal Stormbringer
  3905 | D:5      | Entered Level 5 of the Dungeon
  3926 | D:5      | Noticed Blork the orc
  3939 | D:5      | Killed Blork the orc
  3939 | D:5      | Noticed a water moccasin
  3942 | D:5      | Reached skill level 5 in Shields
  3942 | D:5      | Reached XP level 8. HP: 34/61 MP: 8/8
  4176 | D:5      | Reached skill level 5 in Armour
  4186 | D:5      | Reached skill level 7 in Axes
  4196 | D:5      | Found Koej Fum's Magic Scroll Shoppe.
  4215 | D:5      | Reached skill level 5 in Fighting
  4215 | D:5      | Noticed Duvessa
  4216 | D:5      | Reached * piety under Qazlal
  4220 | D:5      | Noticed Dowan
  4230 | D:5      | HP: 3/62 [poisoned by Duvessa]
  4230 | D:5      | Killed from afar by an orc priest

Illustrated notes

Levels and vault maps discovered:
D:1:      elethiomel_arrival_infinity_welcomes_careful_drivers,
          layout_loops_ring, chequers_ecumenical_altar_simple,
          minmay_pentomino_v4
D:2:      layout_loops_corners, serial_co_window_serial, co_window_paths_a,
          co_window_corner_a, co_window_paths_a, co_window_paths_a,
          co_window_paths_b, co_window_of_opportunity_a, co_window_paths_a,
          co_window_unsneaky_path_d, co_window_broadway_b, co_window_broadway_c,
          glass_columns_a, glass_columns_a, glass_columns_a, glass_columns_a
D:3:      layout_loops_ring, palyth_temple_overflow_mages,
          mainiacjoe_overflow_alcove_4, amcnicky_mini_pool_small
D:4:      layout_basic, mainiacjoe_overflow_small_starburst, temple_fountains,
          serial_shops, nicolae_square_shop, nicolae_shop_overgrown_old_shop,
          shop, nicolae_shop_just_a_little_nook
D:5:      lemuel_castle_with_subvaults [lemuel_castle_interior_original],
          layout_cave_pools, mainiacjoe_overflow_boulevard, serial_shops,
          nicolae_shop_tiny_real_fake_doors, uniq_duvessa, uniq_blork_the_orc
Temple:   cyrus_temple_forest

Skill      XL: |  1  2  3  4  5  6  7  8 |
---------------+-------------------------+-----
Axes           | 3 4 5 6 7 |  7.6
Armour         | 4 5 |  5.3
Stealth        | 1 |  1.0
Fighting       | 4 5 |  5.1
Dodging        | 1 |  1.0
Shields        | 5 |  5.5
Throwing       | |  0.1

Action                     |  1- 3 |  4- 6 |  7- 9 || total
---------------------------+-------+-------+-------++-------
  Melee: War axe           |    72 |    73 |   111 ||   256
  Throw: Dart              |       |     3 |       ||     3
    Use: Scroll            |    10 |     6 |     1 ||    17
         Potion            |       |       |     3 ||     3
 Armour: Scale mail        |    62 |    42 |       ||   104
         Plate armour      |       |    31 |   149 ||   180
  Dodge: Dodged            |    28 |    33 |    45 ||   106
  Block: Buckler           |    18 |    20 |    44 ||    82

Table legend: (Time is in decaauts)
 A = Elapsed time spent in this place.
 B = Non-inter-level travel time spent in this place.
 C = Inter-level travel time spent in this place.
 D = Time resting spent in this place.
 E = Time spent auto-exploring this place.
 F = Levels seen in this place.
 G = Mean time per level.
                   A        B        C        D        E       F      G
               +--------+--------+--------+--------+--------+-----+--------+
         Total |   4305 |   4064 |    241 |    179 |   2980 |   6 |  717.5 |
       Dungeon |   4221 |   3980 |    241 |    179 |   2980 |   5 |  844.2 |
        Temple |     83 |     83 |      0 |      0 |      0 |   1 |   83.0 |
               +--------+--------+--------+--------+--------+-----+--------+

Top non-repeatable levels by time:
     D:3: 1156 daAuts
     D:2: 952 daAuts
     D:4: 948 daAuts
     D:1: 827 daAuts
     D:5: 336 daAuts
  Temple: 83 daAuts
